 Dungeon Crawl Stone Soup version 0.29-a0-664-gff9cad4a3d (webtiles) character file.

Game seed: 5558855779881841711

107 frimble the Shooter (level 4, -36/38 HPs)
             Began as a Minotaur Hunter on June 23, 2022.
             Killed by an exploding gnoll shaman (49 damage)
             ... ignited by their inner flame
             ... on level 4 of the Dungeon.
             The game lasted 00:02:32 (3068 turns).

frimble the Shooter (Minotaur Hunter)               Turns: 3068, Time: 00:02:32

Health: -36/38     AC:  9    Str: 15    XL:     4   Next: 56%
Magic:  3/3        EV:  7    Int:  8    God:
Gold:   203        SH:  0    Dex: 14    Spells: 3/3 levels left

rFire   . . .      SeeInvis .   a - +1 shortbow
rCold   . . .      Faith    .   (shield currently unavailable)
rNeg    . . .      Spirit   .   g - +0 chain mail
rPois   .          Reflect  .   (helmet restricted)
rElec   .          Harm     .   (no cloak)
rCorr   .          Rampage  .   f - +0 pair of gloves
Will    .....                   (no boots)
Stlth   ..........              (no amulet)
HPRegen 0.12/turn               (no ring)
MPRegen 0.08/turn               (no ring)

@: no status effects
A: horns 2, retaliatory headbutt
a: no special abilities


You were on level 4 of the Dungeon.
You visited 1 branch of the dungeon, and saw 4 of its levels.

You collected 203 gold pieces.

Inventory:

Hand Weapons
 a - a +1 shortbow (weapon)
 p - a +1 dagger of holy wrath
Armour
 b - a +0 leather armour
 f - a +0 pair of gloves (worn)
 g - a +0 chain mail (worn)
Jewellery
 k - a ring of flight
 n - a +6 ring of intelligence
Scrolls
 c - a scroll of immolation
 e - a scroll of silence
 j - a scroll of enchant armour
Potions
 i - 2 potions of curing
 m - a potion of ambrosia
 q - 2 potions of flight


   Skills:
 + Level 3.5 Fighting
 + Level 5.1 Bows
 + Level 1.9 Armour
 - Level 2.5 Dodging
 - Level 2.0 Stealth


You had 3 spell levels left.
You didn't know any spells.
Your spell library contained the following spells:

 Spells                   Type           Power      Damage    Failure   Level
 Conjure Ball Lightning   Conj/Air       0%         3x3d6     100%        6
 Discord                  Hex            0%         N/A       100%        8
 Disjunction              Tloc           0%         N/A       100%        8


Dungeon Overview and Level Annotations

Branches:
Dungeon (4/15)
 Temple: D:4-7

Altars:
Ashenzari
Trog
Vehumet

Annotations:
D:3 1 runed translucent door, Crazy Yiuf


Innate Abilities, Weirdness & Mutations

You have a pair of horns on your head.
You reflexively headbutt those who attack you in melee.


Message History

Unknown command.
You don't know any spells.
You aren't carrying any items that you can evoke.
Really read the scroll of immolation?
As you read the scroll of immolation, it crumbles to dust.
The creatures around you are filled with an inner flame!
The gnoll hits you but does no damage. The gnoll barely misses you.
The gnoll attacks as you move away! The gnoll hits you with a +0 flail.
The gnoll hits you from afar with a +0 spear.
The gnoll shaman hits you with a +0 whip!
The gnoll shaman attacks as you move away!
The gnoll shaman closely misses you.
The gnoll shaman mumbles some strange prayers to its god against you.
You resist with some effort.
Shoot: a) +1 shortbow
Press: ? - help, Q - select action Shift-Dir - straight line, f/p - gnoll shaman
Aim: a gnoll shaman, wielding a +0 whip and wearing a +0 robe (lightly wounded, inner flame, 66% to hit)
You shoot an arrow.
The arrow barely misses the gnoll shaman.
The arrow completely misses the gnoll.
The gnoll shaman closely misses you.
The gnoll shaman attacks as you move away!
The gnoll shaman barely misses you.
Shoot: a) +1 shortbow
Press: ? - help, Q - select action Shift-Dir - straight line, f - gnoll, p - gnoll shaman
Aim: a gnoll, wielding a +0 spear (heavily wounded, fast, inner flame, 66% to hit)
You shoot an arrow.
The arrow closely misses the gnoll shaman.
The arrow hits the gnoll.
Flame seeps out of the gnoll.
The gnoll is heavily wounded.
The gnoll shaman hits you with a +0 whip.
The gnoll is engulfed in blazing flames.
The gnoll explodes!
The fiery explosion engulfs the gnoll!!
You kill the gnoll!
The fiery explosion engulfs the gnoll shaman!!
The gnoll shaman explodes!
The fiery explosion engulfs you!!!
Ouch! That really hurt!
You die...

.......#.......#
....?..#..#....#
#.....#.......#
#.....gg....#.#
########..ggg.#
####)### ..# #○#
#.# #§# #.# #@#
#.# #.# #.###.#
..#####.. ..#
........# ###
#.#####.#
#......<#
#########


You could see 3 gnolls.

Vanquished Creatures
  A gnoll shaman (D:4)
  An iguana (D:3)
  2 gnolls (D:4)
  An adder (D:2)
  A worm (D:3)
  4 dart slugs
  7 bats
  3 endoplasms
  A giant cockroach (D:3)
  5 goblins
  5 hobgoblins
  6 jackals
  4 quokkas
  7 ball pythons
  6 frilled lizards
  2 kobolds
  5 rats
61 creatures vanquished.

Vanquished Creatures (others)
  2 withered plants (D:3)
2 creatures vanquished.

Grand Total: 63 creatures vanquished

Notes
Turn   | Place    | Note
-------+----------+-------------------------------------------
     0 | D:1      | frimble the Minotaur Hunter began the quest for the Orb.
     0 | D:1      | Reached XP level 1. HP: 18/18 MP: 0/0
   150 | D:1      | Reached skill level 1 in Stealth
   285 | D:1      | Reached XP level 2. HP: 25/25 MP: 1/1
   693 | D:1      | Reached XP level 3. HP: 31/31 MP: 2/2
  1017 | D:2      | Reached skill level 1 in Armour
  1909 | D:3      | Found a faded altar of an unknown god.
  1991 | D:3      | Reached skill level 5 in Bows
  1991 | D:3      | Reached XP level 4. HP: 3/38 MP: 3/3
  2289 | D:3      | Found a runed translucent door.
  2290 | D:3      | Noticed Crazy Yiuf
  2490 | D:3      | Found a broken altar of Ashenzari.
  2490 | D:3      | Found a radiant altar of Vehumet.
  2490 | D:3      | Found a bloodstained altar of Trog.
  3068 | D:4      | Killed by an exploding gnoll shaman... ignited by their
                  | inner flame

Illustrated notes

Levels and vault maps discovered:
D:1:      nzn_arrival_crosshair, layout_loops_ring,
          hangedman_decor_diamond_cutter
D:2:      layout_loops_ring
D:3:      layout_loops_corners, chequers_temple_overflow_statue_of_worship,
          ebering_ecumenical_altar_petrified, uniq_crazy_yiuf_cottage
D:4:      layout_loops_cross, uniq_natasha

Skill      XL: |  1  2  3  4 |
---------------+-------------+-----
Stealth        | 1 2 |  2.0
Fighting       | 3 |  3.5
Armour         | 1 |  1.9
Bows           | 5 |  5.1
Dodging        | |  2.5

Action                   |  1- 3 |  4- 6 || total
-------------------------+-------+-------++-------
 Fire: Shortbow          |   120 |    35 ||   155
  Use: Scroll            |       |     9 ||     9
Armor: Leather armour    |     3 |       ||     3
       Chain mail        |    34 |    13 ||    47
Dodge: Dodged            |    29 |    14 ||    43

Table legend: (Time is in decaauts)
 A = Elapsed time spent in this place.
 B = Non-inter-level travel time spent in this place.
 C = Inter-level travel time spent in this place.
 D = Time resting spent in this place.
 E = Time spent auto-exploring this place.
 F = Levels seen in this place.
 G = Mean time per level.
                   A        B        C        D        E       F      G
               +--------+--------+--------+--------+--------+-----+--------+
         Total |   3167 |   3065 |    102 |     21 |   2649 |   4 |  791.8 |
       Dungeon |   3167 |   3065 |    102 |     21 |   2649 |   4 |  791.8 |
               +--------+--------+--------+--------+--------+-----+--------+

Top non-repeatable levels by time:
     D:3: 1212 daAuts
     D:1: 1008 daAuts
     D:2: 905 daAuts
     D:4: 41 daAuts
